Map: 엔디온 잔해

Players

llllllllllll (Scarlett)

  • Race: Zerg Zerg
  • League: Grandmaster

DiaoZhaSky - Winner!

  • Race: Zerg Zerg

VOD

Have the link to the VOD?

Description

Time

  • Played on: April 14, 2016, 1:17 a.m.
  • Length: 9:25
Show
View Real Time Build Order
Export as new Build Order

llllllllllll Zerg 

Build Orders: Pool First 

Get SALT Encoding   

  12  0:01  Drone  
  13  0:08  Drone  
  14  0:18  Overlord  
  14  0:23  Extractor, Drone  
  15  0:36  Drone  
  15  0:37  Drone  
  17  0:46  Spawning Pool  
  17  0:48  Drone  
  17  0:51  Extractor  
  17  0:56  Drone  
  17  1:05  Drone  
  18  1:17  Hatchery  
  17  1:24  Drone  
  18  1:33  Queen  
  18  1:36  Zergling x2  
  21  1:42  Drone  
  22  1:49  Overlord  
  22  1:58  Metabolic Boost  
  22  2:08  Evolution Chamber  
  22  2:09  Queen  
  23  2:19  Drone  
  23  2:20  Drone  
  25  2:23  Drone  
  26  2:34  Drone  
  26  2:35  Drone  
  26  2:36  Zerg Melee Weapons Level 1  
  28  2:46  Drone  
  29  2:51  Overlord  
  29  2:52  Zergling x2  
  29  2:53  Zergling x6  
  33  3:04  Overlord  
  33  3:07  Baneling Nest  
  32  3:23  Zergling x12  
  32  3:24  Zergling x4  
  32  3:25  Zergling x2  
  41  3:36  Zergling x4  
  43  3:49  Zergling x4  
  45  4:02  Zergling x12  
  51  4:08  Overlord x2  
  51  4:22  Zergling x2  
  51  4:23  Overlord  
  51  4:37  Zergling x10  
  56  4:39  Baneling x4  
  56  4:41  Baneling x3  
  55  4:46  Zergling x4  
  55  4:51  Zergling x2  
  56  5:00  Zergling x8  
  46  5:16  Zergling x6  
  45  5:25  Zergling x2  
  45  5:26  Zergling x6  
  45  5:36  Zergling x2  
  45  5:37  Zergling x2  
  45  5:38  Hatchery  
  45  5:42  Baneling x5  
  45  5:43  Zergling x4  
  47  5:51  Queen  
  47  5:52  Zergling x2  
  47  5:54  Zergling x2  
  51  5:58  Zergling x8  
  51  6:01  Zergling x2  
  51  6:02  Zergling x2  
  54  6:17  Zergling x8  
  49  6:27  Zergling x8  
  44  6:36  Zergling x8  
  44  6:43  Baneling x4  
  44  6:44  Baneling x2  
  44  6:45  Zergling x4  
  46  6:55  Zergling x6  
  46  7:00  Zergling x4  
  43  7:17  Zergling x14  
  48  7:27  Zergling x8  
  47  7:33  Zergling x4  
  47  7:42  Zergling x8  
  45  8:03  Zergling x16  
  53  8:13  Zergling x8  
  50  8:31  Zergling x14  
  48  8:37  Baneling x2  
  48  8:39  Zergling x4  
  46  8:56  Zergling x6  
  48  9:03  Zergling x6  
  48  9:06  Zergling x2  
Show
View Real Time Build Order
Export as new Build Order

DiaoZhaSky Zerg - Winner!

Build Orders: Pool First 

Get SALT Encoding   

  12  0:02  Drone  
  13  0:12  Overlord  
  13  0:18  Drone  
  14  0:31  Drone x2  
  16  0:38  Drone  
  17  0:45  Spawning Pool  
  17  0:49  Drone  
  17  0:57  Drone  
  18  1:12  Hatchery  
  18  1:15  Drone  
  18  1:32  Queen  
  18  1:33  Zergling x4  
  22  1:42  Overlord  
  22  1:50  Extractor  
  21  2:01  Drone x2  
  23  2:10  Hatchery  
  23  2:12  Drone  
  23  2:16  Queen  
  25  2:24  Drone x2  
  27  2:32  Drone  
  27  2:36  Drone  
  31  2:45  Drone  
  31  2:46  Drone x3  
  31  2:48  Overlord  
  33  2:57  Queen  
  35  3:00  Drone  
  36  3:08  Drone x3  
  39  3:13  Evolution Chamber  
  39  3:14  Drone  
  39  3:15  Drone  
  39  3:18  Drone  
  41  3:21  Drone  
  41  3:26  Drone x2  
  44  3:27  Drone  
  44  3:31  Drone  
  44  3:32  Drone  
  47  3:34  Drone  
  48  3:43  Roach Warren  
  48  3:45  Zerg Missile Weapons Level 1  
  48  3:46  Drone  
  48  3:47  Drone  
  49  3:49  Drone  
  49  3:53  Overlord  
  49  3:54  Overlord  
  50  3:58  Overlord  
  50  4:06  Overlord  
  50  4:13  Drone x6  
  50  4:14  Overlord  
  56  4:19  Spine Crawler, Extractor  
  56  4:23  Roach x3  
  60  4:27  Spine Crawler  
  60  4:28  Roach  
  60  4:30  Roach  
  63  4:32  Roach  
  63  4:34  Roach  
  63  4:35  Drone  
  68  4:39  Roach x2  
  68  4:43  Roach x2  
  76  4:50  Zergling x10  
  79  5:00  Roach  
  79  5:03  Roach  
  79  5:04  Roach  
  73  5:10  Roach  
  73  5:12  Roach  
  67  5:14  Overlord, Queen  
  67  5:17  Zergling x10  
  67  5:18  Queen  
  71  5:23  Roach x2  
  71  5:24  Drone x2  
  71  5:27  Drone  
  75  5:35  Drone x2  
  77  5:38  Drone  
  77  5:40  Extractor  
  77  5:42  Lair  
  77  5:43  Drone x2  
  77  5:46  Extractor  
  77  5:48  Drone  
  79  5:51  Roach  
  79  5:56  Roach  
  83  5:58  Roach  
  85  6:06  Roach x2  
  83  6:13  Roach x2  
  83  6:17  Roach  
  75  6:18  Zergling x2, Drone  
  75  6:23  Roach Warren  
  76  6:28  Zergling x10, Drone  
  78  6:37  Drone x4  
  78  6:38  Drone  
  81  6:45  Zergling x2  
  82  6:47  Queen  
  82  6:50  Spine Crawler  
  82  6:53  Queen  
  85  6:57  Overlord  
  85  6:58  Drone  
  85  7:00  Drone  
  85  7:04  Roach x2  
  85  7:05  Roach x2  
  80  7:10  Roach  
  80  7:16  Ravager  
  80  7:17  Roach x2  
  80  7:18  Roach x3  
  80  7:20  Roach x4  
  83  7:25  Roach x2  
  83  7:29  Roach  
  89  7:35  Spine Crawler  
  89  7:36  Roach  
  85  7:42  Drone  
  85  7:43  Drone x2  
  85  7:44  Drone x3  
  91  7:48  Glial Reconstitution  
  91  7:51  Drone  
  92  7:52  Drone x2  
  94  8:02  Drone x3  
  94  8:03  Overlord  
  94  8:04  Overlord  
  90  8:21  Roach x4  
  90  8:23  Queen  
  93  8:28  Drone x2  
  93  8:29  Drone x5  
  98  8:36  Overlord  
  98  8:42  Drone x8  
  106  8:52  Extractor  
  106  8:55  Roach x3  
  101  9:01  Roach x2  
  105  9:05  Roach  
  119  9:11  Drone  
  120  9:17  Ravager  
  120  9:18  Ravager  
  120  9:22  Ravager x2  
Tags
 
Matchup
ZvZ
Player
Scarlett
Race
Zerg
Replay Pack
rep
Add a new tag
Caveats
  • Supply blocks, unpowered buildings, or Contaminate may cause inaccurate times.
  • Supply counts are checked every 10 seconds.